 Dungeon Crawl Stone Soup version 0.20.0-10-g0535bb4 (webtiles) character file.

801 Deathclocker the Slasher (level 7, 0/61 HPs)
             Began as a Minotaur Fighter on June 4, 2017.
             Was a Follower of Okawaru.
             Succumbed to an adder's poison
             ... on level 5 of the Dungeon.
             The game lasted 00:05:54 (3451 turns).

Deathclocker the Slasher (Minotaur Fighter)         Turns: 3451, Time: 00:05:54

Health: 0/61       AC: 11    Str: 23    XL:     7   Next: 59%
Magic:  13/15      EV: 10    Int:  5    God:    Okawaru [*.....]
Gold:   221        SH: 12    Dex:  9    Spells: 6/6 levels left

rFire    + . .     SeeInvis .   a - +0 long sword
rCold    x . .     Gourm    .   c - +0 shield
rNeg     . . .     Faith    .   p - +0 chain mail
rPois    .         Spirit   .   (helmet restricted)
rElec    .         Reflect  .   (no cloak)
rCorr    .         Harm     .   (no gloves)
MR       .....                  (no boots)
Stlth    ..........             (no amulet)
Regen    0.2/turn               v - ring of fire
MPRegen  0.2/turn               D - ring of magical power

@: lethally poisoned (0 -> -1), heroism
A: retaliatory headbutt, horns 2
a: Heroism, Renounce Religion


You were on level 5 of the Dungeon.
You worshipped Okawaru.
Okawaru was aware of your devotion.
You were not hungry.

You visited 2 branches of the dungeon, and saw 6 of its levels.

You collected 221 gold pieces.

Inventory:

Hand Weapons
 a - a +0 long sword (weapon)
Armour
 b - a +0 scale mail
 c - a +0 shield (worn)
 p - a +0 chain mail (worn)
Jewellery
 v - a ring of fire (left hand)
 D - a ring of magical power (right hand)
Wands
 x - a wand of digging (2/24)
Scrolls
 e - a scroll of random uselessness {unknown}
 g - 2 scrolls of remove curse {unknown}
 l - 2 scrolls of teleportation {unknown}
 m - 8 scrolls of identify {unknown}
 q - a scroll of blinking {unknown}
 r - 2 scrolls of amnesia {unknown}
 s - a scroll of noise {unknown}
 t - 3 scrolls of fear {unknown}
 w - 3 scrolls of enchant weapon {unknown}
 y - a scroll of immolation {unknown}
 A - a scroll of fog {unknown}
 C - a scroll of enchant armour {unknown}
Potions
 d - a potion of might
 h - a potion of haste
 i - a potion of flight {unknown}
 k - a potion of magic {unknown}
 u - 5 potions of curing {unknown}
 z - a potion of brilliance {unknown}
 B - 2 potions of heal wounds {unknown}
 F - a potion of berserk rage {unknown}
Comestibles
 f - 4 bread rations
 j - 4 fruits
 n - 3 royal jellies
 o - 2 meat rations


   Skills:
 + Level 5.1(10.1) Fighting
 * Level 7.3(12.3) Long Blades
 + Level 5.8(10.8) Armour
 + Level 1.8(6.8) Dodging
 + Level 5.3(10.3) Shields


You had 6 spell levels left.
You didn't know any spells.

Dungeon Overview and Level Annotations

Branches:
Dungeon (5/15)             Temple (1/1) D:4

Altars:
Elyvilon
Fedhas
Gozag
Hepliaklqana
Kikubaaqudgha
Nemelex Xobeh
Okawaru
Ru
Sif Muna
Trog
Uskayaw
Vehumet
Xom
Yredelemnul
Zin
The Shining One

Shops:
D:5 (


Innate Abilities, Weirdness & Mutations

You reflexively headbutt those who attack you in melee.
You have a pair of horns on your head.


Message History

You hit the adder.
The adder is almost dead.
The adder bites you but does no damage.
You hit the adder but do no damage.
The adder is almost dead.
You block the adder's attack.
You miss the adder.
The adder is almost dead.
The adder closely misses you. You furiously retaliate!
You headbutt the adder!
You kill the adder!
Okawaru accepts your kill.
You closely miss the ice beast.
The ice beast is severely wounded.
The ice beast hits you.
* * * LOW HITPOINT WARNING * * *
The ice beast freezes you!
You feel a terrible chill!
* * * LOW HITPOINT WARNING * * *
Your shield and chain mail prevent you from hitting the ice beast.
The ice beast is severely wounded.
You die...

.......##.#######
......##.#
.>....##.# .....
#.# ...? #.###
.######..# #...#
.........# ###.#
#Y# #.# #@# ###.#
#.# ##...## #.#
##[##..# #[#
#.###.#.# #.#
#†##..#.## #.#
#.##.##.##. #.#
##.#.#.###.###
#.# #............
#.# #..###.##.#.#


You could see an ice beast.

Vanquished Creatures
  Duvessa (D:5)
  A phantom (D:4)
  An ogre (D:5)
  Dowan (D:5)
  A crimson imp (D:5)
  A bullfrog skeleton (D:4)
  3 orc wizards
  2 iguanas (D:4)
  Natasha (thrice) (D:3)
  A howler monkey zombie (D:5)
  3 adders
  4 gnolls
  2 oozes
  4 dart slugs
  4 worms
  4 leopard geckos
  11 orcs
  3 ball pythons
  A bat zombie (D:3)
  3 giant cockroaches
  8 goblins
  6 hobgoblins
  4 kobolds
  2 quokkas
  4 bats
  4 frilled lizards
  2 leopard gecko skeletons
  7 rats
  A rat zombie (D:3)
92 creatures vanquished.

Notes
Turn   | Place    | Note
-------+----------+-------------------------------------------
     0 | D:1      | Deathclocker the Minotaur Fighter began the quest for the Orb.
     0 | D:1      | Reached XP level 1. HP: 19/19 MP: 0/0
    88 | D:1      | Reached XP level 2. HP: 23/27 MP: 1/1
   329 | D:1      | Reached skill level 3 in Long Blades
   329 | D:1      | Reached XP level 3. HP: 28/33 MP: 2/2
   568 | D:2      | Reached XP level 4. HP: 33/40 MP: 3/3
  1122 | D:3      | Noticed Natasha
  1139 | D:3      | Killed Natasha
  1139 | D:3      | Reached skill level 4 in Long Blades
  1139 | D:3      | Reached skill level 1 in Dodging
  1403 | D:3      | Found an ancient bone altar of Kikubaaqudgha.
  1503 | D:3      | Noticed Natasha
  1514 | D:3      | Killed Natasha
  1514 | D:3      | Reached XP level 5. HP: 30/46 MP: 4/4
  1710 | D:3      | Noticed Natasha
  1714 | D:3      | Killed Natasha
  2044 | D:4      | Found a staircase to the Ecumenical Temple.
  2048 | Temple   | Entered the Ecumenical Temple
  2055 | Temple   | Became a worshipper of Warmaster Okawaru
  2160 | D:4      | Reached skill level 5 in Long Blades
  2160 | D:4      | Reached XP level 6. HP: 51/53 MP: 5/5
  2227 | D:4      | Reached skill level 5 in Armour
  2538 | D:4      | Reached * piety under Okawaru
  2538 | D:4      | Reached skill level 6 in Long Blades
  2538 | D:4      | Reached skill level 5 in Shields
  2761 | D:5      | Entered Level 5 of the Dungeon
  2827 | D:5      | Reached XP level 7. HP: 10/60 MP: 6/6
  3176 | D:5      | Noticed Duvessa
  3203 | D:5      | Killed Duvessa
  3203 | D:5      | Reached skill level 5 in Fighting
  3213 | D:5      | Noticed Dowan
  3219 | D:5      | Killed Dowan
  3219 | D:5      | Reached skill level 7 in Long Blades
  3366 | D:5      | Found Caug's Antique Weapon Boutique.
  3450 | D:5      | HP: 1/61 [ice beast (13)]
  3451 | D:5      | Succumbed to an adder's poison

Skill      XL: |  1  2  3  4  5  6  7 |
---------------+----------------------+-----
Armour         | 4 5 |  5.8
Shields        | 4 5 |  5.3
Long Blades    | 3 4 5 6 7 |  7.3
Fighting       | 4 5 |  5.1
Dodging        | 1 |  1.8

Action                   |  1- 3 |  4- 6 |  7- 9 || total
-------------------------+-------+-------+-------++-------
Melee: Long sword        |    49 |   205 |    52 ||   306
       Headbutt          |    12 |    38 |    14 ||    64
Invok: Heroism           |       |       |     2 ||     2
  Eat: Fruit             |       |     1 |       ||     1
       Chunk             |       |     5 |     3 ||     8
Armor: Scale mail        |    22 |       |       ||    22
       Chain mail        |       |    81 |    18 ||    99
Dodge: Dodged            |     8 |    36 |     8 ||    52
Block: Shield            |    26 |    83 |    26 ||   135
       Rpst.: Long sword |     2 |     9 |       ||    11
